AoeStats
← CaptainThomas

Golden Pit

503347087Analyzed
1v1 RM · 1mo ago on Aug 31, 2026· 49m 14s· 2 players
Game mode
Random Map
Map size
Tiny (2 player)
Population
200
Speed
Normal
Resources
Standard
Victory
Conquest
Starting age
Dark Age
Ending age
Imperial Age
RankedLock teamsTeams togetherTeam positionsShared explorationLock speedFull tech treeHidden civsTurbo modeCheats
Victory
Defeat
🇫🇷 Franks · France
1680
+14
🇨🇱 Spanish · Chile
1635
-14
AiM | PoRRo
7:02 Loom
9:29 Feudal Age
11:07 Double-Bit Axe
15:56 Castle Age
20:01 Padded Archer Armor
22:42 Husbandry
25:37 Bloodlines
31:10 Fletching
35:28 Imperial Age
33:54 Bow Saw
36:56 Conscription
37:56 Wheelbarrow
37:00 Light Cavalry
37:45 Horse Collar
39:51 Leather Archer Armor
40:08 Scale Barding Armor
40:56 Hussar
42:34 Chain Barding Armor
42:47 Cavalier
43:19 Gold Mining
45:56 Plate Barding Armor
46:05 Forging
CaptainThomas
9:01 Loom
10:54 Feudal Age
15:22 Castle Age
13:47 Fletching
14:47 Double-Bit Axe
15:10 Padded Archer Armor
16:00 Elite Skirmisher
23:04 Bodkin Arrow
26:21 Wheelbarrow
27:34 Bow Saw
31:16 Imperial Age
29:39 Leather Archer Armor
30:36 Scale Barding Armor
31:38 Chain Barding Armor
34:04 Plate Barding Armor
34:10 Forging
34:00 Cavalier
37:26 Gold Mining
37:29 Stone Mining
39:31 Chemistry
40:14 Ballistics
42:12 Hand Cart
44:17 Iron Casting
46:51 Gold Shaft Mining
47:28 Blast Furnace
Connection lost

Rejoining the realm…

Still unreachable

The connection could not be restored.

Session expired

The server has moved on; the page needs a fresh start.